 Dungeon Crawl Stone Soup version 0.31-a0-152-g6aa68a64a1 (webtiles) character file.

Game seed: 5280088305974330655

56 qw the Shooter (level 3, -1/32 HPs)
             Began as a Naga Hunter on June 9, 2023.
             Slain by a black bear (5 damage)
             ... on level 3 of the Dungeon.
             The game lasted 00:00:31 (1300 turns).

qw the Shooter (Naga Hunter)                        Turns: 1300, Time: 00:00:31

Health: -1/32      AC:  3    Str: 13    XL:     3   Next: 95%
Magic:  3/3        EV:  9    Int:  9    God:
Gold:   92         SH:  0    Dex: 16    Spells: 2/2 levels left

rFire   . . .        Y - +1 shortbow
rCold   . . .        (shield currently unavailable)
rNeg    . . .        c - +0 leather armour
rPois   +            (no helmet)
rElec   .            a - +0 cloak
rCorr   .            (no gloves)
SInv    +            (no barding)
Will    .....        (no amulet)
Stlth   ++           (no ring)
HPRegen 0.25/turn    (no ring)
MPRegen 0.08/turn

%: no passive effects
@: lethally poisoned (-1 -> -3), short of breath, very slow
A: AC +1, large, see invisible, deformed body, poison resistance, slowness 2,
spit poison 1, naga tail 1
a: Spit Poison


You were on level 3 of the Dungeon.
You visited 1 branch of the dungeon, and saw 3 of its levels.

You collected 92 gold pieces.


Innate Abilities, Weirdness & Mutations

Your serpentine skin is tough. (AC +1)
You have supernaturally acute eyesight. (SInv)
Armour fits poorly on your strangely shaped body.
Your system is resistant to poisons. (rPois)
You cover ground very slowly.
You can spit poison.
You have a snake-like lower body.


   Skills:
 - Level 2.0 Fighting
 + Level 4.9 Ranged Weapons
 - Level 1.5 Dodging
 - Level 1.5 Stealth


You had 2 spell levels left.
You didn't know any spells.
Your spell library was empty.

Inventory:

Hand Weapons
 Y - a +1 shortbow (weapon)
Armour
 a - a +0 cloak (worn)
 b - a +1 pair of gloves
 c - a +0 leather armour (worn)
Scrolls
 d - a scroll of identify
Potions
 g - 2 potions of curing {unknown}

Dungeon Overview and Level Annotations

Branches:
Dungeon (3/15)

Altars:
Gozag


Message History

You shoot an arrow. The arrow hits the black bear.
The black bear is moderately wounded.
The adder closely misses you. The black bear bites you.
The black bear barely misses you. The black bear claws you.
The adder bites you but does no damage.
You shoot an arrow.
The arrow hits the black bear but does no damage.
The black bear is moderately wounded.
The adder barely misses you.
The black bear bites you but does no damage.
The black bear claws you.
The black bear claws you but does no damage.
You shoot an arrow. The arrow barely misses the black bear.
The adder bites you. The black bear bites you!
The black bear closely misses you.
The black bear claws you but does no damage.
The adder completely misses you.
You shoot an arrow. The arrow hits the black bear.
The black bear is heavily wounded.
You have got your breath back.
The black bear bites you but does no damage.
The black bear claws you but does no damage.
The black bear claws you. The adder bites you but does no damage.
1299 ||| INVOKING Spit Poison.
Aiming: Spit Poison (2% risk of failure)
Press: ? - help, Shift-Dir - straight line, f/p - black bear The splash of poison hits the black bear.
The black bear looks even sicker.
The black bear is heavily wounded.
The adder barely misses you. The black bear barely misses you.
The black bear claws you. The black bear closely misses you.
The adder bites you.
You are poisoned.
The adder poisons you!
You shoot an arrow. The arrow hits the black bear!
The black bear is almost dead.
You feel sick.
The black bear goes berserk!
The adder bites you but does no damage. The black bear closely misses you.
The black bear claws you.
You die...

. ####### .. .......
...##########.......
#..........#.......
#..........@h......
#####...#..#S.....$
#~~~~~~#..#.......
#####...#..#....... ...
#..........#.......
...###..........#.......
...#...........#####...
#.#...........# ...
#...............


You could see a black bear (berserk, very poisoned) and an adder.

Vanquished Creatures
  A gnoll (D:2)
  An adder (D:3)
  A dart slug (D:1)
  A ball python (D:1)
  6 bats
  An endoplasm (D:2)
  A giant cockroach (D:1)
  5 goblins
  3 hobgoblins
  A jackal (D:2)
  A quokka (D:1)
  3 frilled lizards
  3 kobolds
  4 rats
32 creatures vanquished.

Notes
Turn   | Place    | Note
-------+----------+-------------------------------------------
     0 | D:1      | qw the Naga Hunter began the quest for the Orb.
     0 | D:1      | Reached XP level 1. HP: 19/19 MP: 1/1
     0 | D:1      | 0 ||| qw: Version: 0.2-a-122-gbc61b45
     0 | D:1      | 0 ||| qw: Game counter: 3450
     0 | D:1      | 0 ||| qw: Always use a shield: true
     0 | D:1      | 0 ||| qw: God list: Okawaru
     0 | D:1      | 0 ||| qw: Allow faded altars: false
     0 | D:1      | 0 ||| qw: Do Orc after D:15 true
     0 | D:1      | 0 ||| qw: Do second Lair branch before Depths: true
     0 | D:1      | 0 ||| qw: Lair rune preference: random
     0 | D:1      | 0 ||| qw: Plans: Normal
     0 | D:1      | 0 ||| PLANNING D:1-11
    35 | D:1      | 35 ||| INVOKING Spit Poison.
    36 | D:1      | 36 ||| INVOKING Spit Poison.
    73 | D:1      | 73 ||| INVOKING Spit Poison.
    77 | D:1      | 77 ||| INVOKING Spit Poison.
    81 | D:1      | 81 ||| INVOKING Spit Poison.
   305 | D:1      | Reached skill level 4 in Ranged Weapons
   305 | D:1      | Reached XP level 2. HP: 26/26 MP: 2/2
   308 | D:1      | 308 ||| INVOKING Spit Poison.
   341 | D:1      | 341 ||| INVOKING Spit Poison.
   346 | D:1      | 346 ||| INVOKING Spit Poison.
   414 | D:1      | 414 ||| INVOKING Spit Poison.
   464 | D:1      | 464 ||| INVOKING Spit Poison.
   507 | D:1      | 507 ||| READING scroll labelled UNGIOR QEYN.
   508 | D:1      | 508 ||| READING 2 scrolls labelled SONLICSEANN.
   509 | D:1      | 509 ||| READING scroll labelled YNESAU EWOEP.
   512 | D:1      | 512 ||| DRINKING 2 green potions.
   513 | D:1      | 513 ||| DROPPING scroll of butterflies.
   514 | D:1      | 514 ||| DROPPING potion of attraction.
   515 | D:1      | 515 ||| DROPPING scroll of fog.
   551 | D:2      | Found an opulent altar of Gozag.
   571 | D:2      | 571 ||| INVOKING Spit Poison.
   577 | D:2      | 577 ||| INVOKING Spit Poison.
   582 | D:2      | 582 ||| INVOKING Spit Poison.
   587 | D:2      | 587 ||| INVOKING Spit Poison.
   591 | D:2      | Reached XP level 3. HP: 31/32 MP: 3/3
   625 | D:2      | 625 ||| INVOKING Spit Poison.
   632 | D:2      | 632 ||| INVOKING Spit Poison.
   798 | D:2      | 798 ||| INVOKING Spit Poison.
   839 | D:2      | 839 ||| INVOKING Spit Poison.
   854 | D:2      | 854 ||| INVOKING Spit Poison.
   860 | D:2      | 860 ||| INVOKING Spit Poison.
   867 | D:2      | 867 ||| INVOKING Spit Poison.
  1062 | D:2      | 1062 ||| UPGRADING to +0 cloak.
  1067 | D:2      | 1067 ||| READING scroll labelled EXYZIDAXIA.
  1068 | D:2      | 1068 ||| READING scroll labelled BUALOE BIONEIZ.
  1069 | D:2      | 1069 ||| READING scroll labelled GOBOL HYLOR.
  1070 | D:2      | 1070 ||| DRINKING 2 smoky puce potions.
  1175 | D:2      | 1175 ||| DROPPING potion of berserk rage.
  1191 | D:3      | 1191 ||| INVOKING Spit Poison.
  1262 | D:3      | 1262 ||| INVOKING Spit Poison.
  1266 | D:3      | 1266 ||| INVOKING Spit Poison.
  1287 | D:3      | 1287 ||| INVOKING Spit Poison.
  1288 | D:3      | 1288 ||| INVOKING Spit Poison.
  1288 | D:3      | Noticed a black bear
  1294 | D:3      | 1294 ||| INVOKING Spit Poison.
  1299 | D:3      | 1299 ||| INVOKING Spit Poison.
  1299 | D:3      | HP: 7/32 [black bear (3)]
  1300 | D:3      | Slain by a black bear

Levels and vault maps discovered:
D:1:      lemuel_arrival_funnel, layout_rooms
D:2:      cheibrodos_helix_gallery, layout_basic, basic_altar,
          grunt_decor_mini_mirrors, minmay_between
D:3:      minmay_evil_eye, layout_basic, serial_shops, nicolae_diamond_shop,
          chequers_serial_rivers_micro_b, kennysheep_potato

Skill      XL: |  1 |
---------------+----+-----
Ranged Weapons | 4 |  4.9
Fighting       | |  2.0
Dodging        | |  1.5
Stealth        | |  1.5

Action                     || total
---------------------------++-------
   Fire: Shortbow          ||    62
Ability: Spit Poison       ||    26
    Use: Scroll            ||     6
         Potion            ||     2
 Armour: Leather armour    ||    10
  Dodge: Dodged            ||    21

Table legend:
 A = Non-vault XP
 B = Vault XP
 C = Vault XP percentage of total XP
 D = Non-vault monster count
 E = Vault monster count
 F = Vault count percentage of total count
                 A         B        C        D         E       F
            +---------+---------+-------+---------+---------+-------
      Total |      57 |      23 |  28.8 |      26 |       6 |  18.8
            +---------+---------+-------+---------+---------+-------
        D:1 |      22 |       0 |   0.0 |      12 |       0 |   0.0
        D:2 |      14 |      23 |  62.2 |       8 |       6 |  42.9
        D:3 |      21 |       0 |   0.0 |       6 |       0 |   0.0
            +---------+---------+-------+---------+---------+-------
